 Dungeon Crawl Stone Soup version 0.28-a0-768-g8c92f1e708 (webtiles) character file.

Game seed: 13950138924500187059

326 GenialerGandalf the Chopper (level 6, -5/53 HPs)
             Began as a Hill Orc Fighter on Sept 23, 2021.
             Slain by an ogre (16 damage)
             ... on level 3 of the Dungeon on Oct 31, 2021.
             The game lasted 00:09:54 (4140 turns).

GenialerGandalf the Chopper (Hill Orc Fighter)      Turns: 4140, Time: 00:09:55

Health: -5/53      AC:  8    Str: 21    XL:     6   Next: 49%
Magic:  6/6        EV: 10    Int:  8    God:
Gold:   170        SH:  4    Dex: 10    Spells: 5/5 levels left

rFire   . . .      SeeInvis .   a - +0 war axe
rCold   . . .      Faith    .   c - +0 buckler
rNeg    . . .      Spirit   .   b - +0 scale mail
rPois   .          Reflect  .   l - +0 helmet
rElec   .          Harm     .   (no cloak)
rCorr   .          Rampage  .   (no gloves)
Will    .....                   (no boots)
Stlth   ..........              (no amulet)
HPRegen 0.17/turn               g - ring of wizardry
MPRegen 0.10/turn               (no ring)

@: no status effects
A: no striking features
a: no special abilities


You were on level 3 of the Dungeon.
You visited 1 branch of the dungeon, and saw 4 of its levels.

You collected 170 gold pieces.

Inventory:

Hand Weapons
 a - a +0 war axe (weapon)
Armour
 b - a +0 scale mail (worn)
 c - a +0 buckler (worn)
 l - a +0 helmet (worn)
Jewellery
 g - a ring of wizardry (left hand)
Scrolls
 f - 6 scrolls of identify {unknown}
 h - a scroll of teleportation {unknown}
 i - a scroll of fear {unknown}
 j - a scroll of vulnerability {unknown}
 m - a scroll of noise {unknown}
Potions
 d - a potion of might
 e - 5 potions of curing {unknown}
 k - a potion of degeneration {unknown}
 n - a potion of magic {unknown}
 o - a potion of mutation {unknown}


   Skills:
 + Level 4.5 Fighting
 + Level 5.7 Axes
 + Level 5.2 Armour
 + Level 1.1 Dodging
 + Level 0.1 Stealth
 + Level 3.7 Shields


You had 5 spell levels left.
You didn't know any spells.
Your spell library was empty.

Dungeon Overview and Level Annotations

Branches:
Dungeon (4/15)
 Temple: D:4-7

Altars:
Fedhas

Shops:
D:3 ?   D:4 [

Annotations:
D:2 Sigmund


Message History

The orc hits you but does no damage.
You slash the orc!
You kill the orc!
Things that are here:
a +0 hand axe; a +0 ring mail
Found a silvery potion.
n - a silvery potion
There is a stone staircase leading up here.
There is a stone staircase leading up here.
An endoplasm comes into view.
The endoplasm hits you.
There is an open door here.
You hit the endoplasm.
The endoplasm is severely wounded.
The endoplasm freezes you.
You are frozen.
You slash the endoplasm!
You kill the endoplasm!
There is a blossoming altar of Fedhas here.
You open the door.
Found a fizzy purple potion.
There is an open door here.
o - a fizzy purple potion You open the door.
There is an open door here.
You open the door.
There is an open door here.
The ogre shouts!
The ogre hits you with a +0 giant club!!
You hit the ogre but do no damage.
The ogre hits you with a +0 giant club!!
* * * LOW HITPOINT WARNING * * *
You hit the ogre.
The ogre is lightly wounded.
You block the ogre's attack.
You barely miss the ogre.
The ogre is lightly wounded.
The ogre barely misses you. The ogre hits you with a +0 giant club!
You die...

.....########.#..........#
.......O....#.#.......$..#
.....######...#..........#
.... ##..#..........####
### #..#..##.#.......#
#..#.....#.......#
#######.##.####.......#
#.....................#
#.#####.##@####.......#
#.# #..#.O..........# #.#
#..........#.#### #.#
##.........#.# #.#
##........#.. #.#
#........#### #.#
#........#
#.#######........#
#.........>......#


You could see an ogre.

Vanquished Creatures
  2 scorpions
  A centaur skeleton (D:4)
  An iguana (D:4)
  A gnoll shaman (D:4)
  3 gnolls (D:4)
  3 adders
  An ufetubus (D:3)
  2 worms (D:4)
  3 orcs
  5 endoplasms
  3 goblins
  5 hobgoblins
  3 jackals (D:1)
  2 kobolds
  4 quokkas
  7 ball pythons
  5 bats
  2 frilled lizards (D:3)
  6 rats
59 creatures vanquished.

Notes
Turn   | Place    | Note
-------+----------+-------------------------------------------
     0 | D:1      | GenialerGandalf the Hill Orc Fighter began the quest for
                  | the Orb.
     0 | D:1      | Reached XP level 1. HP: 19/19 MP: 1/1
    74 | D:1      | Upgraded the game from 0.28-a0-518-g36894cfc38 to
                  | 0.28-a0-563-gf77a47075d
   186 | D:1      | Reached XP level 2. HP: 26/27 MP: 2/2
   204 | D:1      | Found a faded altar of an unknown god.
  1018 | D:1      | Reached XP level 3. HP: 33/33 MP: 3/3
  1551 | D:2      | Noticed Sigmund
  1857 | D:2      | Noticed a scorpion
  1866 | D:2      | Killed a scorpion
  1867 | D:2      | Reached XP level 4. HP: 16/40 MP: 4/4
  2123 | D:1      | Upgraded the game from 0.28-a0-563-gf77a47075d to
                  | 0.28-a0-768-g8c92f1e708
  2461 | D:3      | Found a blossoming altar of Fedhas.
  2695 | D:3      | Noticed an ogre
  3035 | D:4      | Reached skill level 1 in Dodging
  3035 | D:4      | Reached XP level 5. HP: 41/46 MP: 5/5
  3078 | D:4      | Found Itob's Antique Armour Boutique.
  3211 | D:4      | Noticed a sky beast
  3392 | D:4      | Reached skill level 5 in Axes
  3506 | D:4      | Reached skill level 5 in Armour
  3539 | D:4      | Reached XP level 6. HP: 47/53 MP: 6/6
  3915 | D:3      | Found Giem's Magic Scroll Emporium.
  4140 | D:3      | Slain by an ogre

Illustrated notes

Levels and vault maps discovered:
D:1:      dpeg_arrival_rooms_b, layout_loops_corners,
          ebering_ecumenical_altar_abandoned, patterned_corridor
D:2:      layout_rooms, uniq_sigmund
D:3:      layout_basic, mainiacjoe_overflow_six_doors_small, serial_shops, shop
D:4:      layout_basic, serial_shops, nicolae_shop_statue_plus,
          roderic_lattice_a

Skill      XL: |  1  2  3  4  5 |
---------------+----------------+-----
Axes           | 3 4 5 |  5.7
Armour         | 4 5 |  5.2
Fighting       | 4 |  4.5
Dodging        | 1 |  1.1
Stealth        | |  0.1
Shields        | |  3.7

Action                   |  1- 3 |  4- 6 || total
-------------------------+-------+-------++-------
Melee: War axe           |    71 |    83 ||   154
Armor: Scale mail        |    34 |    35 ||    69
Dodge: Dodged            |    32 |    48 ||    80
Block: Buckler           |    25 |    17 ||    42

Table legend: (Time is in decaauts)
 A = Elapsed time spent in this place.
 B = Non-inter-level travel time spent in this place.
 C = Inter-level travel time spent in this place.
 D = Time resting spent in this place.
 E = Time spent auto-exploring this place.
 F = Levels seen in this place.
 G = Mean time per level.
                   A        B        C        D        E       F      G
               +--------+--------+--------+--------+--------+-----+--------+
         Total |   4192 |   3834 |    358 |   1204 |    936 |   4 | 1048.0 |
       Dungeon |   4192 |   3834 |    358 |   1204 |    936 |   4 | 1048.0 |
               +--------+--------+--------+--------+--------+-----+--------+

Top non-repeatable levels by time:
     D:1: 2321 daAuts
     D:4: 1092 daAuts
     D:3: 613 daAuts
     D:2: 164 daAuts
